 Dungeon Crawl Stone Soup version 0.28-a0-1202-g1e6f1b2279 (webtiles) character file.

Game seed: 9942816842866499508

241399 PlayingRandomsOnly the Bludgeoner (level 18, -1/146 HPs)
             Began as a Demonspawn Delver on Dec 19, 2021.
             Was an Initiate of Yredelemnul.
             Slain by a dire elephant (3 damage)
             ... on level 1 of the Vaults on Dec 20, 2021.
             The game lasted 06:03:16 (43378 turns).

PlayingRandomsOnly the Bludgeoner (DsDe)           Turns: 43378, Time: 06:03:19

Health: -1/146     AC: 38    Str: 21    XL:     18   Next: 64%
Magic:  28/28      EV: 17    Int: 19    God:    Yredelemnul [......]
Gold:   510        SH: 14    Dex: 25    Spells: 24/31 levels left

rFire   + + .      SeeInvis +   b - +9 eveningstar (vorpal)
rCold   . . .      Faith    .   J - -1 kite shield of Honour {+Blink +Inv Int+2}
rNeg    . . .      Spirit   .   V - +7 plate armour {Will+}
rPois   +          Reflect  .   p - +2 helmet {SInv}
rElec   .          Harm     .   E - +2 cloak
rCorr   .          Rampage  +   F - +2 pair of gloves
Will    ++...      NoCast   +   O - +2 pair of boots of Cienuubeco {-Cast Rampage rF++ Dex+10}
Stlth   ..........              P - amulet of regeneration
HPRegen 1.14/turn               o - +6 ring of strength
MPRegen 0.21/turn               H - ring of poison resistance

@: mighty, agile, about to teleport, invisible, very slow
A: claws 2, thin metallic scales 2, powered by pain 2, spiny 3
}: 2/15 runes: serpentine, barnacled
a: Renounce Religion, Evoke Blink, Evoke Invisibility, Recall Undead Harvest


You were on level 1 of the Vaults.
You worshipped Yredelemnul.
Yredelemnul was pleased with you.
You visited 8 branches of the dungeon, and saw 34 of its levels.
You visited the Abyss 2 times.

You collected 3722 gold pieces.
You spent 3212 gold pieces at shops.

Inventory:

Hand Weapons
 a - the +8 whip "Beetle's Peril" {vorpal, Fly rPois rF+}
   (You found it on level 4 of the Dungeon)

   It inflicts extra damage upon your enemies.
   rF:        It protects you from fire.
   rPois:     It protects you from poison.
   Fly:       It grants you flight.
 b - a +9 vorpal eveningstar (weapon)
 f - a +3 demon whip of freezing
Armour
 k - +0 acid dragon scales
 p - a +2 helmet of see invisible (worn)
 B - the +6 scale mail of the Armoured One {rElec rN+ Str+5 Dex-5}
   (You found it on level 13 of the Dungeon)

   Str:       It affects your strength (+5).
   Dex:       It affects your dexterity (-5).
   rElec:     It insulates you from electricity.
   rN:        It protects you from negative energy.
 E - a +2 cloak (worn)
 F - a +2 pair of gloves (worn)
 J - the -1 kite shield of Honour (worn) {+Blink +Inv Int+2}
   (You acquired it on level 2 of the Snake Pit)

   Int:       It affects your intelligence (+2).
   +Inv:      It lets you turn invisible.
   +Blink:    It lets you blink.
 O - the +2 pair of boots of Cienuubeco (worn) {-Cast Rampage rF++ Dex+10}
   (You bought it in a shop on level 3 of the Snake Pit)

   Dex:       It affects your dexterity (+10).
   rF:        It greatly protects you from fire.
   -Cast:     It prevents spellcasting.
   Rampage:   It bestows one free step when moving towards enemies.
 V - a +7 plate armour of willpower (worn)
Jewellery
 o - a +6 ring of strength (left hand)
 x - the ring "Xeptimal" {*Corrode rN+ MP+9 Str+3 Slay+3}
   (You acquired it on level 2 of the Snake Pit)

   [ring of positive energy]

   Str:       It affects your strength (+3).
   Slay:      It affects your accuracy & damage with ranged weapons and melee
   (+3).
   rN:        It protects you from negative energy.
   MP:        It affects your magic capacity (+9).
   *Corrode:  It may corrode you when you take damage.
 H - a ring of poison resistance (right hand)
 N - a ring of wizardry
 P - an amulet of regeneration (around neck)
 Q - a ring of fire
Wands
 g - a wand of digging (7)
 n - a wand of paralysis (2)
 w - a wand of mindburst (17)
 K - a wand of flame (18)
 L - a wand of acid (2)
 M - a wand of iceblast (7)
 W - a wand of charming (6)
Scrolls
 c - 3 scrolls of fog
 h - 4 scrolls of immolation
 i - 8 scrolls of magic mapping
 s - 4 scrolls of vulnerability
 t - 6 scrolls of amnesia
 y - 6 scrolls of noise
 A - 2 scrolls of fear
 C - a scroll of summoning
 G - 3 scrolls of torment
 R - 2 scrolls of silence
 T - a scroll of holy word
 Z - 7 scrolls of teleportation
Potions
 d - 6 potions of mutation
 e - 3 potions of resistance
 l - 7 potions of curing
 m - a potion of berserk rage
 q - 2 potions of might
 v - 6 potions of brilliance
 D - 4 potions of magic
 I - 3 potions of cancellation
 S - 3 potions of ambrosia
 U - 5 potions of attraction
 Y - a potion of lignification
Miscellaneous
 j - a phial of floods (inert)
 z - a lightning rod (4/4)


   Skills:
 - Level 14.2 Fighting
 - Level 5.6 Long Blades
 - Level 16.0 Maces & Flails
 - Level 10.6 Armour
 - Level 8.1 Dodging
 - Level 9.0 Stealth
 * Level 15.0 Shields
 - Level 7.3 Spellcasting
 - Level 5.7 Translocations
 - Level 3.4 Ice Magic
 - Level 12.0 Invocations


You had 24 spell levels left.
You knew the following spells:

 Your Spells              Type           Power      Damage    Failure   Level
a - Ozocubu's Armour      Ice            20%        N/A       71%         3
b - Passage of Golubria   Tloc           28%        N/A       78%         4

Your spell library contained the following spells:

 Spells                   Type           Power      Damage    Failure   Level
 Ensorcelled Hibernation  Hex/Ice        26%        N/A       71%         2
 Beastly Appendage        Tmut           12%        N/A       82%         1
 Sublimation of Blood     Necr           6%         N/A       91%         2
 Wereblood                Tmut           6%         N/A       91%         2
 Conjure Flame            Conj/Fire      6%         6-21      99%         3
 Ignite Poison            Fire/Tmut/Pois 6%         N/A       99%         3
 Spider Form              Tmut/Pois      6%         N/A       99%         3
 Swiftness                Air            6%         N/A       99%         3
 Tukima's Dance           Hex            6%         N/A       99%         3
 Airstrike                Air            3%         N/A       100%        4
 Animate Dead             Necr           3%         N/A       100%        4
 Hailstorm                Conj/Ice       13%        3d5       100%        4
 Ice Form                 Ice/Tmut       13%        N/A       100%        4
 Sticky Flame             Conj/Fire      6%         2d3       100%        4
 Summon Lightning Spire   Summ/Air       6%         N/A       100%        4
 Borgnjor's Vile Clutch   Necr/Erth      3%         N/A       100%        5
 Freezing Cloud           Conj/Ice/Air   5%         6-21      100%        5
 Lightning Bolt           Conj/Air       3%         1d14      100%        5
 Yara's Violent Unravell  Hex/Tmut       3%         3d4       100%        5
 Simulacrum               Ice/Necr       6%         N/A       100%        6
 Ozocubu's Refrigeration  Ice            10%        4d7       100%        7
 Polar Vortex             Ice            10%        N/A       100%        9
 Death Channel            Necr           Unusable   N/A       N/A         6

Dungeon Overview and Level Annotations

Branches:
Dungeon (15/15)            Temple (0/1) D:5            Lair (6/6) D:11
 Shoals (4/4) Lair:2        Snake (4/4) Lair:2        Slime (1/5) Lair:6
    Orc (2/2) D:12            Elf (1/3) Orc:2        Vaults (1/5) D:14
 Depths (0/4) D:15

Altars:
Cheibriados
Hepliaklqana
Xom
Yredelemnul
Beogh
Jiyva

Shops:
D:8 *   Orc:2 ([([   Shoals:3 ?   Snake:2 ?!?(   Snake:3 =:=[

Annotations:
D:14 Roxanne
Lair:5 1 transporter


Innate Abilities, Weirdness & Mutations

You have very sharp fingernails.
You are mostly covered in thin metallic scales. (AC +3)
You sometimes gain power by taking damage.
You are completely covered in sharp spines.


Message History

* * * LOW HITPOINT WARNING * * *
You block the ettin's attack.
The vault sentinel blows a loud note on a signal horn!
The ironbound convoker points at the ironbound convoker and mumbles some strange words.
You block the dire elephant's attack. The dire elephant closely misses you.
The yaktaur wields a +0 arbalest.
The yaktaur shoots a bolt.
The bolt hits the ettin!!
The yaktaur captain wields a +0 arbalest.
The yaktaur captain shoots a bolt.
The bolt hits the ironbound preserver!!!
You hear a horrible gurgling sound! x2
You feel much better.
An ironbound thunderhulk comes into view.
It is wielding a +0 dire flail.
Press: ? - help, v - describe, . - travel
Here: an ettin, wielding two +0 dire flails (severely wounded, strong)
A large broken door, spattered with blood.
Aim the phial where?
Press: ? - help, Shift-Dir - straight line, f - ironbound convoker
Aim: an ironbound convoker, wielding a +0 dire flail and wearing a +0 ring mail (moderately wounded, catching its breath)
The torrent of water hits the dire elephant.
The dire elephant is severely wounded.
The wave splashes down.
Splash!
You fall into the shallow water.
Moving in this stuff is going to be slow. ...and don't expect to remain undetected.
The dire elephant is engulfed in water.
The ironbound convoker is engulfed in water. x2
The entropy weaver is engulfed in water.
The yaktaur is engulfed in water.
You hear a shout!
You hear a horrible gurgling sound! x2
You block the ettin's attack.
The ettin hits you with a +0 dire flail!!!
* * * LOW HITPOINT WARNING * * *
You focus on the pain.
You feel agile all of a sudden.
An ettin comes into view. It is wielding two +0 dire flails.
You block the dire elephant's attack. The dire elephant trunk-slaps you.
You die...
Your body rises from the dead as a mindless zombie.

##.# #..........#.
..# #..........#.
..# #..........'.
#.# #..........#.
###p# #..........#.
#.Oc######+########.
#.pppcOC....# #.
###YCBpC....# ##
#@#.p.....#
###.......#
#.......# #.......#
#....(..# #.......#
#.......# #.......#
#++######


You could see a dire elephant (waterlogged), an ironbound preserver, 2 ironbound
thunderhulks, a yaktaur captain, an entropy weaver (waterlogged), 3 ettins, 3
ironbound convokers, a yaktaur (waterlogged) and a wizard.

Vanquished Creatures
  Rupert (D:15)
  A kraken (Shoals:4)
  An acid blob (Lair:6)
  An Executioner (Abyss:1)
  Kirke (D:14)
  A storm dragon (Shoals:4)
  A nagaraja (Snake:4)
  Aizul (Snake:2)
  An orc warlord (D:14)
  Louise (D:14)
  A vault warden (Vaults:1)
  An ironbound preserver (Vaults:1)
  Nessos (D:14)
  A dire elephant (Lair:6)
  Snorg (D:14)
  Josephine (D:15)
  7 merfolk impalers
  3 merfolk javelineers
  A fire dragon (D:15)
  6 naga warriors
  Erolcha (D:9)
  10 hydras
  A rakshasa (D:15)
  Harold (D:10)
  2 merfolk avatars
  2 salamander tyrants (Snake:4)
  4 centaur warriors
  An alligator snapping turtle (Shoals:3)
  5 anacondas
  5 death yaks
  5 two-headed ogres
  5 merfolk aquamancers (Shoals:4)
  3 satyrs
  2 catoblepae
  An orc high priest (Orc:2)
  A tengu warrior (D:14)
  11 naga sharpshooters
  Sonja (D:10)
  3 shock serpents
  2 sun demons (Shoals:1)
  2 salamander mystics
  A thrashing horror (Abyss:1)
  3 skeletal warriors
  8 sea snakes
  3 naga ritualists
  Pikel (D:3)
  A lindwurm (Lair:5)
  4 mana vipers
  15 harpies
  A deep elf pyromancer (D:14)
  The ghost of fly the Sneak, a novice FoDe (D:6)
  2 necromancers (Lair:6)
  4 orc knights
  6 salamanders
  2 cyclopes
  9 manticores
  5 fauns
  6 elephants
  3 merfolk sirens
  20 naga magi
  20 black mambas
  A smoke demon (Abyss:1)
  6 water nymphs
  Maggie (D:6)
  2 guardian serpents
  7 cane toads
  2 gargoyles (D:13)
  Joseph (D:10)
  A dire elephant skeleton (Lair:6)
  A freezing wraith (D:13)
  13 komodo dragons
  3 kobold demonologists
  A tengu conjurer (D:14)
  4 rime drakes
  4 trolls
  4 polar bears
  10 merfolk
  4 wind drakes (Shoals:4)
  A queen bee (shapeshifter) (D:15)
  A raiju (Abyss:1)
  17 slime creatures
  11 blink frogs
  5 dream sheep
  9 snapping turtles
  10 air elementals (Shoals:4)
  Sigmund (D:6)
  A flying skull (Abyss:1)
  A spriggan (Lair:6)
  8 wyverns
  5 wraiths
  A large abomination (Abyss:1)
  A vampire (Abyss:1)
  27 yaks
  10 water elementals
  Eustachio (D:4)
  A fire elemental (D:15)
  9 vampire mosquitoes
  Grum (D:8)
  14 humans
  A death yak simulacrum (Lair:6)
  3 acid dragons
  37 nagas
  Duvessa (D:4)
  8 hell hounds
  9 water moccasins
  A sky beast (D:6)
  17 orc warriors
  A swamp drake (D:12)
  An elephant zombie (Lair:6)
  8 centaurs
  5 boggarts
  4 small abominations
  17 wolves
  6 ogres
  2 kobold brigands
  A lemure (D:3)
  A gnoll sergeant (D:13)
  12 bullfrogs
  2 cane toad simulacra (Lair:3)
  3 scorpions
  2 two-headed ogre simulacra (Lair:3)
  Dowan (D:4)
  10 killer bees (D:10)
  5 wights (D:8)
  9 howler monkeys
  2 centaur zombies
  A jelly (D:5)
  4 hounds
  12 orc priests
  A bullfrog skeleton (D:7)
  An iron imp (Abyss:1)
  An iguana (D:4)
  18 orc wizards
  A spriggan simulacrum (Lair:3)
  A killer bee zombie (D:7)
  A hound skeleton (D:4)
  3 gnolls (D:13)
  A naga simulacrum (Lair:3)
  6 adders
  A white imp (D:7)
  An ufetubus (Abyss:1)
  2 adder skeletons (D:4)
  2 dart slugs
  67 orcs
  5 endoplasms
  3 giant cockroaches
  5 hobgoblins
  5 jackals
  3 quokkas
  14 ball pythons
  6 bats
  2 frilled lizards (D:2)
  4 goblins
  10 kobolds
  7 rats
  A briar patch (Lair:5)
  4 tentacles (Shoals:4)
778 creatures vanquished.

Vanquished Creatures (collateral kills)
  2 quicksilver dragons (Snake:4)
  Gastronok (D:8)
  4 nagarajas
  An orc warlord (Orc:2)
  A dire elephant (Lair:6)
  Azrael (D:15)
  2 merfolk impalers
  A fire dragon (D:15)
  3 hydras
  8 naga warriors
  A boulder beetle (D:15)
  An ogre mage (D:15)
  An alligator snapping turtle (Shoals:4)
  An anaconda (Snake:2)
  A catoblepas (Lair:5)
  A merfolk avatar (Shoals:4)
  2 merfolk aquamancers (Shoals:4)
  5 two-headed ogres
  4 death yaks
  3 naga sharpshooters
  2 shock serpents
  A sun demon (Shoals:1)
  A thrashing horror (Abyss:2)
  4 skeletal warriors
  A spectral anaconda (Lair:6)
  A spectral death yak (Lair:6)
  A salamander mystic (Snake:3)
  5 sea snakes
  An obsidian statue (Lair:6)
  3 naga ritualists
  An orc knight (D:14)
  6 harpies
  2 necromancers (Lair:6)
  A mana viper (Snake:3)
  An ugly thing (D:13)
  2 manticores
  4 salamanders
  2 fauns
  8 elephants
  3 guardian serpents
  2 merfolk sirens
  4 naga magi
  13 black mambas
  4 water nymphs
  5 cane toads
  A rime drake (shapeshifter) (D:15)
  2 rime drakes
  3 komodo dragons
  An ice devil (Lair:3)
  2 trolls (Orc:2)
  6 merfolk
  3 wind drakes (Shoals:4)
  A polar bear (Lair:3)
  A blink frog (Lair:6)
  9 slime creatures
  A dream sheep (Lair:6)
  A spectral elephant (Lair:6)
  A raiju (Abyss:1)
  3 snapping turtles
  6 yaks
  A vampire (D:12)
  An air elemental (Shoals:4)
  2 wyverns
  3 basilisks
  7 water elementals (Shoals:4)
  3 humans (D:13)
  A fire elemental (D:15)
  A death yak simulacrum (Lair:6)
  27 nagas
  A warg (Orc:2)
  An acid dragon (D:13)
  3 water moccasins
  9 orc warriors
  6 wolves (Lair:5)
  An elephant skeleton (Lair:6)
  2 kobold brigands (D:10)
  A bullfrog (Lair:2)
  A cane toad simulacrum (Lair:6)
  A water moccasin skeleton (D:4)
  2 hounds
  5 orc priests
  6 orc wizards
  A white imp (Lair:3)
  9 orcs
  A ball python (D:4)
  A giant cockroach (D:4)
  A goblin (D:1)
  3 kobolds
  2 plants
  2 withered plants (Lair:6)
268 creatures vanquished.

Vanquished Creatures (others)
  A spectral hydra (D:14)
  A spectral rakshasa (Snake:2)
  A shock serpent zombie (Snake:4)
  A black mamba (Snake:3)
  A naga mage (Snake:4)
  4 spectral slime creatures (D:14)
  3 sea snake zombies
  A hydra zombie (Lair:6)
  5 harpy zombies
  A merfolk zombie (Shoals:4)
  A guardian serpent zombie (Snake:1)
  5 black mamba zombies
  3 humans (D:14)
  A wind drake zombie (Shoals:4)
  2 vampire mosquitoes (D:15)
  A water nymph zombie (Shoals:4)
  A two-headed ogre zombie (D:15)
  A naga (Snake:4)
  A cane toad zombie (Lair:2)
  4 snapping turtle zombies
  4 blink frog zombies
  An elephant zombie (Lair:5)
  4 dream sheep zombies
  An ogre (D:15)
  2 manticore zombies (Shoals:4)
  A wolf (Lair:5)
  A rime drake zombie (Lair:6)
  3 vampire mosquito zombies (D:15)
  2 salamander zombies
  A cyclops zombie (Shoals:3)
  A hell hound zombie (Abyss:1)
  2 tengu zombies (D:14)
  A water moccasin zombie (Lair:1)
  A spriggan zombie (Lair:6)
  A polar bear zombie (Lair:3)
  2 bullfrog zombies (Lair:2)
  7 wolf zombies
  4 centaur zombies
  4 human zombies
  2 spectral boggarts (D:14)
  13 naga zombies
  A hound zombie (D:3)
  6 howler monkey zombies
  A gnoll zombie (D:8)
  An iguana zombie (D:4)
  A spectral iron imp (Abyss:1)
  A bat zombie (D:1)
  7 ball python zombies (D:4)
  2 giant cockroach zombies (D:4)
  2 kobold zombies (D:10)
  23 orc zombies
  A spectral ufetubus (Abyss:1)
  A briar patch (Lair:5)
  A bush (Lair:6)
  A demonic plant (Abyss:1)
  39 fungi
  A lurking horror (Abyss:1)
  167 plants
  2 starspawn tentacles (Abyss:1)
  9 tentacles (Shoals:4)
  30 withered plants (Lair:6)
394 creatures vanquished.

Grand Total: 1440 creatures vanquished

Notes
Turn   | Place    | Note
-------+----------+-------------------------------------------
     0 | D:5      | PlayingRandomsOnly the Demonspawn Delver began the quest
                  | for the Orb.
     0 | D:5      | Reached XP level 1. HP: 18/18 MP: 1/1
   270 | D:4      | Gained mutation: You have sharp fingernails. [demonic
                  | ancestry]
   270 | D:4      | Reached XP level 2. HP: 16/24 MP: 2/2
   293 | D:4      | Noticed Eustachio
  1170 | D:2      | Gained mutation: You sometimes gain a little power by
                  | taking damage. [demonic ancestry]
  1170 | D:2      | Reached XP level 3. HP: 29/29 MP: 3/3
  1354 | D:2      | Found a faded altar of an unknown god.
  1358 | D:2      | Prayed at the altar of an unknown god.
  1358 | D:2      | Became a worshipper of Yredelemnul the Dark
  1358 | D:2      | Reached * piety under Yredelemnul
  2049 | D:1      | Reached ** piety under Yredelemnul
  2877 | D:3      | Gained mutation: You are partially covered in sharp spines.
                  | [demonic ancestry]
  2877 | D:3      | Reached XP level 4. HP: 34/35 MP: 4/4
  3033 | D:3      | Reached skill level 5 in Stealth
  3440 | D:3      | Reached XP level 5. HP: 38/42 MP: 5/5
  3463 | D:4      | Noticed a lemure
  3464 | D:4      | Noticed Pikel
  3465 | D:4      | Noticed a lemure
  3476 | D:3      | Killed a lemure
  4481 | D:3      | Killed Pikel
  4482 | D:3      | Reached skill level 5 in Long Blades
  4482 | D:3      | Gained mutation: You are partially covered in thin metallic
                  | scales. (AC +2) [demonic ancestry]
  4482 | D:3      | Reached XP level 6. HP: 46/50 MP: 6/6
  4482 | D:3      | Gained mutation: You are mostly covered in sharp spines.
                  | [demonic ancestry]
  4482 | D:3      | Reached XP level 7. HP: 51/55 MP: 7/7
  4608 | D:4      | Reached skill level 5 in Fighting
  4744 | D:4      | Identified the +8 whip "Beetle's Peril" {vorpal, Fly rPois
                  | rF+}
  4816 | D:4      | Reached skill level 1 in Maces & Flails
  5105 | D:4      | Killed Eustachio
  5106 | D:4      | Reached skill level 2 in Maces & Flails
  5462 | D:4      | Noticed Duvessa
  5463 | D:4      | Noticed Dowan
  5472 | D:4      | Killed Duvessa
  5473 | D:4      | Reached XP level 8. HP: 47/63 MP: 8/8
  5475 | D:4      | Reached skill level 1 in Armour
  5486 | D:4      | Killed Dowan
  5487 | D:4      | Reached skill level 3 in Maces & Flails
  5714 | D:5      | Found a staircase to the Ecumenical Temple.
  6024 | D:5      | Reached skill level 4 in Maces & Flails
  6412 | D:6      | Noticed fly's ghost (novice FoDe)
  6414 | D:6      | Found a runed translucent door.
  6437 | D:6      | Noticed Sigmund
  6453 | D:6      | Killed Sigmund
  6454 | D:6      | Reached skill level 5 in Maces & Flails
  6547 | D:6      | Reached XP level 9. HP: 71/71 MP: 9/9
  6631 | D:6      | Learned a level 3 spell: Ozocubu's Armour
  6672 | D:6      | Noticed Maggie
  6685 | D:6      | Killed Maggie
  6686 | D:6      | Reached skill level 1 in Spellcasting
  6686 | D:6      | Reached skill level 1 in Ice Magic
  7174 | D:6      | Killed fly's ghost
  7175 | D:6      | Reached skill level 6 in Maces & Flails
  7848 | D:7      | Noticed a kobold demonologist
  7853 | D:7      | Killed a kobold demonologist
  8402 | D:8      | Reached skill level 7 in Maces & Flails
  8453 | D:8      | Noticed a komodo dragon
  8464 | D:8      | Killed a komodo dragon
  8465 | D:8      | Reached XP level 10. HP: 69/77 MP: 12/14
  8538 | D:8      | Reached XP level 11. HP: 83/83 MP: 14/21
  8553 | D:8      | Noticed Grum
  8567 | D:8      | Killed Grum
  8642 | D:8      | Found Laucw's Fire Supplies.
  8674 | D:8      | Identified the +2 robe of Dogma {Will- Int+7 Dex+2}
  8678 | D:8      | Noticed Gastronok
  8687 | D:8      | Killed Gastronok
  9101 | D:8      | Found a snail-covered altar of Cheibriados.
  9125 | D:8      | Your ally Grum died
  9708 | D:9      | Identified the +3 leather armour of Contentment {Str+3
                  | Int+2}
  9809 | D:9      | Noticed Erolcha
  9819 | D:9      | Killed Erolcha
  9820 | D:9      | Reached skill level 8 in Maces & Flails
 10257 | D:10     | Entered Level 10 of the Dungeon
 10290 | D:10     | Noticed Joseph
 10308 | D:10     | Killed Joseph
 10978 | D:10     | Noticed a two-headed ogre
 10987 | D:10     | Killed a two-headed ogre
 10988 | D:10     | Reached skill level 9 in Maces & Flails
 11039 | D:10     | Noticed Sonja
 11044 | D:10     | Cast into level 1 of the Abyss (Sonja)
 11103 | Abyss:1  | Noticed a thrashing horror
 11108 | Abyss:1  | Killed a thrashing horror
 11476 | Abyss:1  | Noticed a death drake
 11574 | Abyss:1  | Noticed an Executioner
 11591 | Abyss:1  | Killed an Executioner
 11592 | Abyss:1  | Reached XP level 12. HP: 33/92 MP: 22/22
 11604 | Abyss:1  | Noticed a lich
 11638 | Abyss:1  | Noticed a bone dragon
 11679 | Abyss:1  | Noticed a bone dragon
 11688 | Abyss:1  | Noticed a tentacled starspawn
 11710 | Abyss:1  | Noticed a starcursed mass
 11740 | Abyss:1  | Identified a scroll of acquirement
 11740 | Abyss:1  | Acquired the +2 hand crossbow of the Saving Madman {venom,
                  | Str+2 Stlth+}
 11753 | D:10     | Escaped the Abyss
 11975 | D:10     | Upgraded the game from 0.28-a0-1199-gef9e1dbd39 to
                  | 0.28-a0-1202-g1e6f1b2279
 12005 | D:10     | Killed Sonja
 12005 | D:10     | Noticed Harold
 12242 | D:10     | Killed Harold
 12663 | D:11     | Identified the +8 fustibalus of the Smoking Visionary
                  | {venom, Contam +Blink rN+ Will+}
 12796 | D:11     | Noticed a seven-headed hydra
 12803 | D:11     | Killed a seven-headed hydra
 12992 | D:11     | Reached skill level 10 in Maces & Flails
 13042 | D:11     | Reached *** piety under Yredelemnul
 13072 | D:11     | Found a staircase to the Lair.
 13790 | Lair:1   | Entered Level 1 of the Lair of Beasts
 13918 | Lair:1   | Reached skill level 11 in Maces & Flails
 14884 | Lair:2   | Found a staircase to the Snake Pit.
 14977 | Lair:2   | Noticed a seven-headed hydra
 15012 | Lair:2   | Reached skill level 1 in Shields
 15037 | Lair:2   | Killed a seven-headed hydra
 15183 | Lair:2   | Found a staircase to the Shoals.
 15274 | Lair:2   | Gained mutation: You have very sharp fingernails. [demonic
                  | ancestry]
 15274 | Lair:2   | Reached XP level 13. HP: 65/99 MP: 23/23
 15452 | Lair:2   | Reached skill level 5 in Invocations
 16209 | Lair:3   | Reached skill level 12 in Maces & Flails
 16608 | Lair:3   | Reached **** piety under Yredelemnul
 16949 | Lair:3   | Got the Guide on Feathery Evil Rituals
 16951 | Lair:3   | Identified the +8 halberd "Gilusch" {vamp, *Slow Int+5
                  | Dex+3 Stlth+}
 17824 | Lair:4   | Reached ***** piety under Yredelemnul
 17900 | Lair:4   | Reached skill level 10 in Fighting
 17966 | Lair:4   | Reached ****** piety under Yredelemnul
 18123 | Lair:4   | You are sucked into a shaft and drop 2 floors!
 18123 | Lair:6   | Entered Level 6 of the Lair of Beasts
 18135 | Lair:6   | Reached skill level 10 in Invocations
 18378 | Lair:6   | Found a viscous altar of Jiyva.
 18378 | Lair:6   | Found a staircase to the Slime Pits.
 18411 | Lair:6   | Reached XP level 14. HP: 81/110 MP: 22/24
 18467 | Lair:6   | Reached skill level 5 in Dodging
 19654 | Lair:6   | Learned a level 4 spell: Passage of Golubria
 20154 | Lair:5   | Reached skill level 1 in Translocations
 20216 | Lair:5   | Identified the +10 falchion of Sunlight {drain, rElec}
 20573 | Lair:5   | Found a transporter.
 20601 | Lair:5   | Found a transporter.
 23027 | D:12     | Found a staircase to the Orcish Mines.
 23384 | Orc:1    | Entered Level 1 of the Orcish Mines
 23438 | Orc:1    | Gained mutation: You are mostly covered in thin metallic
                  | scales. (AC +3) [demonic ancestry]
 23438 | Orc:1    | Reached XP level 15. HP: 119/120 MP: 25/25
 23897 | Orc:2    | Entered Level 2 of the Orcish Mines
 23969 | Orc:2    | Found a staircase to the Elven Halls.
 24060 | Orc:2    | Reached skill level 5 in Translocations
 24191 | Orc:2    | Found Coubbeh's Antique Weapon Emporium.
 25102 | Orc:2    | Found Wuuv's Armour Emporium.
 25112 | Orc:2    | Bought a +4 plate armour of willpower for 750 gold pieces
 25212 | Orc:2    | Noticed an orc warlord
 25227 | Orc:2    | Killed an orc warlord
 25233 | Orc:2    | Found Nemn's Antique Weapon Boutique.
 25239 | Orc:2    | Found Toziutza's Antique Armour Shop.
 25841 | Elf:1    | Entered Level 1 of the Elven Halls
 25897 | D:13     | Identified the +6 scale mail of the Armoured One {rElec rN+
                  | Str+5 Dex-5}
 26365 | D:13     | Identified the +9 ring mail of Context {+Blink}
 26735 | D:14     | Noticed Snorg
 26735 | D:14     | Found a gate to the Vaults.
 27116 | D:14     | Noticed Nessos
 27751 | D:14     | Killed Nessos
 28047 | D:14     | Identified Roxanne's Compendium of Transmutation
 28047 | D:14     | Noticed Roxanne
 28296 | D:14     | Killed Snorg
 28297 | D:14     | Reached skill level 10 in Armour
 28976 | D:14     | Noticed Kirke
 29001 | D:14     | Killed Kirke
 29438 | D:15     | Entered Level 15 of the Dungeon
 29473 | D:15     | Noticed Louise
 29475 | D:15     | Cast into level 2 of the Abyss (Louise)
 29540 | D:15     | Escaped the Abyss
 29547 | D:15     | Noticed Josephine
 29567 | D:14     | Killed Louise
 29849 | D:15     | Killed Josephine
 30014 | D:15     | Found a gate leading to a gauntlet.
 30025 | D:15     | Noticed Rupert
 30039 | D:15     | Killed Rupert
 30076 | D:15     | Your ally Rupert died
 30403 | D:15     | Found a staircase to the Depths.
 30733 | D:15     | Noticed Azrael
 30745 | D:15     | Reached XP level 16. HP: 68/131 MP: 21/26
 30760 | D:15     | Killed Azrael
 31630 | D:15     | Found a basalt altar of Yredelemnul.
 31632 | D:15     | Found a shimmering altar of Xom.
 31632 | D:15     | Found a stormy altar of Qazlal.
 31634 | D:15     | Found a hazy altar of Hepliaklqana.
 31634 | D:15     | Found a broken altar of Ashenzari.
 31634 | D:15     | Found a shimmering blue altar of Sif Muna.
 31651 | D:15     | Reached skill level 5 in Shields
 31990 | Snake:1  | Entered Level 1 of the Snake Pit
 32695 | Snake:1  | Reached skill level 13 in Maces & Flails
 34608 | Snake:2  | HP: 6/133 [naga sharpshooter/bolt (19)]
 35026 | Snake:2  | Acquired the ring "Xeptimal" {*Corrode rN+ MP+9 Str+3
                  | Slay+3}
 35031 | Snake:2  | Acquired the -1 kite shield of Honour {+Blink +Inv Int+2}
 35067 | Snake:2  | Reached skill level 14 in Maces & Flails
 35128 | Snake:2  | Noticed Aizul
 35137 | Snake:2  | Killed Aizul
 35330 | Snake:2  | Found Bakil's Magic Scroll Shoppe.
 35333 | Snake:2  | Found Iniss's Antique Weapon Shoppe.
 35333 | Snake:2  | Found Tept's Magic Scroll Emporium.
 35338 | Snake:2  | Found Deicly's Distillery.
 35348 | Snake:2  | Bought a potion of resistance for 150 gold pieces
 35348 | Snake:2  | Bought a potion of resistance for 150 gold pieces
 35348 | Snake:2  | Bought a potion of resistance for 150 gold pieces
 35357 | Snake:2  | Bought a scroll of fog for 30 gold pieces
 35357 | Snake:2  | Bought a scroll of blinking for 112 gold pieces
 35357 | Snake:2  | Bought a scroll of blinking for 112 gold pieces
 35360 | Snake:2  | Bought a scroll of torment for 90 gold pieces
 35360 | Snake:2  | Bought a scroll of silence for 90 gold pieces
 35360 | Snake:2  | Bought a scroll of summoning for 114 gold pieces
 35360 | Snake:2  | Bought a scroll of blinking for 90 gold pieces
 36275 | Snake:3  | Found Vucouts's Armour Shoppe.
 36282 | Snake:3  | Bought the +2 pair of boots of Cienuubeco {-Cast Rampage
                  | rF++ Dex+10} for 795 gold pieces
 36310 | Snake:3  | Found Lentaw's Jewellery Boutique.
 36370 | Snake:3  | Found Alyvur's Jewellery Emporium.
 36375 | Snake:3  | Bought an amulet of regeneration for 390 gold pieces
 36428 | Snake:3  | Reached skill level 15 in Maces & Flails
 36915 | Snake:3  | Found Niriaseh's Book Emporium.
 37386 | Shoals:1 | Entered Level 1 of the Shoals
 37437 | Shoals:1 | Gained mutation: You are completely covered in sharp
                  | spines. [demonic ancestry]
 37437 | Shoals:1 | Reached XP level 17. HP: 83/139 MP: 27/27
 37848 | Shoals:1 | Reached skill level 16 in Maces & Flails
 39678 | Shoals:3 | Acquired a +2 demon whip of freezing
 39809 | Shoals:3 | Found Asakaf's Magic Scroll Shoppe.
 39910 | Shoals:3 | Bought a scroll of teleportation for 42 gold pieces
 39910 | Shoals:3 | Bought a scroll of enchant weapon for 105 gold pieces
 39910 | Shoals:3 | Bought a scroll of teleportation for 42 gold pieces
 40374 | Shoals:4 | Entered Level 4 of the Shoals
 40451 | Shoals:4 | Paralysed by an air elemental for 1 turns
 40466 | Shoals:4 | Reached skill level 10 in Shields
 40533 | Shoals:4 | Identified the +5 great mace "Toloin" {vorpal, Dex+3}
 40591 | Shoals:4 | Found a hazy altar of Hepliaklqana.
 40636 | Shoals:4 | Paralysed by an air elemental for 1 turns
 40684 | Shoals:4 | Paralysed by an air elemental for 1 turns
 40727 | Shoals:4 | Paralysed by an air elemental for 1 turns
 40768 | Shoals:4 | Paralysed by an air elemental for 1 turns
 40770 | Shoals:4 | Paralysed by an air elemental for 1 turns
 40810 | Shoals:4 | Paralysed by an air elemental for 1 turns
 40846 | Shoals:4 | Paralysed by an air elemental for 1 turns
 40902 | Shoals:4 | Paralysed by an air elemental for 1 turns
 40977 | Shoals:4 | Noticed a kraken
 40994 | Shoals:4 | Paralysed by an air elemental for 1 turns
 41053 | Shoals:4 | Killed a kraken
 41054 | Shoals:4 | Gained mutation: You sometimes gain power by taking damage.
                  | [demonic ancestry]
 41054 | Shoals:4 | Reached XP level 18. HP: 88/146 MP: 28/28
 41153 | Shoals:4 | Got a barnacled rune of Zot
 41578 | Snake:4  | Entered Level 4 of the Snake Pit
 42355 | Snake:4  | Got a serpentine rune of Zot
 42891 | Slime:1  | Entered Level 1 of the Pits of Slime
 43199 | Vaults:1 | Entered Level 1 of the Vaults
 43366 | Vaults:1 | Reached skill level 15 in Shields
 43378 | Vaults:1 | HP: 2/146 [ettin (48)]
 43378 | Vaults:1 | Slain by a dire elephant

Illustrated notes

Levels and vault maps discovered:
D:1:      tarquinn_simple_flora_water_e, layout_basic, serial_curves,
          eino_curves_02, eino_curves_03, item_on_display_a
D:2:      layout_basic, serial_glass, glass_columns_a, glass_columns_b,
          glass_columns_a, glass_columns_a, ebering_ecumenical_altar_box,
          grunt_decor_junction
D:3:      layout_loops_ring
D:4:      layout_basic, serial_bayou_pond_a, st_stairs_8, serial_bayou_lagoon_a,
          minmay_snake_closets, uniq_eustachio, uniq_duvessa, uniq_pikel
D:5:      layout_rooms, minmay_temple_entry_mini_moons, portal_sewer_entry_b
D:6:      layout_loops_ring, hellmonk_ghost_happy_afterlife,
          minmay_tree_intersection, corexii_corridor_pit, uniq_maggie,
          uniq_sigmund
D:7:      layout_layer_cave
D:8:      layout_loops_ring, kennysheep_slug_shrine, nicolae_shop_fire_sale
          [nicolae_sub_dead_trees], hangedman_abyss_or_decor_stabs, uniq_grum,
          uniq_gastronok
D:9:      layout_basic, uniq_erolcha
D:10:     layout_cave_pools, uniq_joseph, uniq_harold, uniq_sonja
D:11:     layout_gridville, erik_lair_dragon
D:12:     layout_long_grid, erik_orc_1, serial_glass, glass_columns_b,
          glass_columns_a
D:13:     layout_rooms, minivault_5, minmay_misc_feat_doors
D:14:     layout_rooms, david_vaults_3, hangedman_decor_peaks_small, uniq_kirke,
          uniq_snorg, uniq_nessos, uniq_roxanne
D:15:     grunt_enter_depths_hoard, layout_cave_pools, doesnt_xom_only_xom,
          gauntlet_entry_generic, uniq_rupert, uniq_josephine, uniq_azrael,
          uniq_louise
Lair:1:   layout_regular_city, grunt_megastairs_5
Lair:2:   layout_loops_ring, elwin_shoals_entry_rocks,
          guppyfry_snake_entry_garden
Lair:3:   dreamdust_isle_of_ice, layout_regular_city
Lair:4:   layout_long_grid
Lair:5:   gammafunk_worm_tunnel, layout_small_grid,
          grunt_forest_large_clearings, lemuel_fruit_fields
Lair:6:   due_jungle_book, layout_misc_corridors, slime_altar_1,
          grunt_forest_large_clearing_hut
Shoals:1: layout_shoals, nicolae_shoals_sun_and_surf
Shoals:2: cheibrodos_shoals_satyrical_garden, layout_shoals
Shoals:3: layout_shoals, serial_shops, shop,
          nicolae_shoals_lost_giant_amphitheater
Shoals:4: shoals_end_hellmonk_storm_palace [storm_palace_center_circular,
          storm_palace_corner_grid, storm_palace_corner_pillars,
          storm_palace_corner_grid, storm_palace_corner_altar]
Snake:1:  layout_grid_maze, grunt_megastairs_4
Snake:2:  layout_grid_shapes, grunt_megastairs_1, minmay_shoptagon,
          lemuel_fruit_tree, uniq_aizul
Snake:3:  layout_layer_cave, serial_shops, shop, nicolae_shop_statue_plus, shop,
          shop
Snake:4:  hellmonk_snake_rune_quicksilver_temple, layout_rooms,
          serial_bayou_shore_a
Slime:1:  layout_caves
Orc:1:    layout_caves
Orc:2:    grunt_orc_community_town_hall, layout_caves,
          grunt_orc_community_big_house_1, grunt_orc_community_big_house_2,
          grunt_orc_community_house_1, grunt_orc_community_house_1,
          grunt_orc_community_house_2, grunt_orc_community_house_1,
          grunt_orc_community_house_3, grunt_orc_community_house_1,
          nicolae_orc_sculptors_studio
Elf:1:    nicolae_elf_arrival_fired_up, layout_loops_corners, serial_shops,
          nicolae_diamond_shop, gammafunk_ghost_wrathful_warriors,
          minmay_elf_sorcery, small_chamber_with_monster, item_on_display_a
Vaults:1: nicolae_vaults_big_angled_halls, nicolae_vaults_display_case,
          ontoclasm_vaults_loading_screen, dpeg_vaults_monster_row,
          hangedman_vaults_variations, hangedman_vaults_corner,
          grunt_vaults_twisty, vaults_standard_mumra_lines,
          ontoclasm_vaults_gateway, v_misc_17, ontoclasm_vaults_pinch,
          v_pattern_5, layout_vaults_maze

Skill      XL: |  1  2  3  4  5  6  7  8  9 10 11 12 13 14 15 16 17 18 |
---------------+-------------------------------------------------------+-----
Long Blades    | 2 3 5 |  5.6
Dodging        | 2 4 7 8 |  8.1
Stealth        | 5 6 8 9 |  9.0
Fighting       | 4 5 6 7 8 10 12 13 14 | 14.2
Maces & Flails | 2 5 7 9 11 12 15 16 | 16.0
Armour         | 3 4 8 10 | 10.6
Spellcasting   | 3 7 |  7.3
Ice Magic      | 3 |  3.4
Invocations    | 4 10 12 | 12.0
Shields        | 3 4 6 12 15 | 15.0
Translocations | 4 5 |  5.7

Action                   |  1- 3 |  4- 6 |  7- 9 | 10-12 | 13-15 | 16-18 || total
-------------------------+-------+-------+-------+-------+-------+-------++-------
Melee: Falchion          |    23 |       |       |       |       |       ||    23
       Long sword        |    98 |    49 |    24 |       |       |       ||   171
       Whip              |       |       |   136 |   408 |  1353 |   337 ||  2234
       Eveningstar       |       |       |       |       |    49 |   718 ||   767
 Fire: Fustibalus        |       |       |       |     8 |       |       ||     8
Throw: Dart              |     2 |     1 |     9 |    12 |     2 |       ||    26
       Throwing net      |       |       |       |       |     1 |       ||     1
 Cast: Ozocubu's Armour  |       |       |     1 |     2 |       |       ||     3
Invok: Recall Undead Har |     5 |     1 |     9 |    18 |    34 |    35 ||   102
       Dark Bargain      |       |       |     3 |     9 |    13 |    24 ||    49
       Drain Life        |       |       |       |       |     3 |     2 ||     5
       Bind Soul         |       |       |       |       |     2 |       ||     2
Evoke: Wand              |       |     5 |     1 |    20 |    15 |     3 ||    44
       Lightning rod     |       |       |       |       |     3 |     7 ||    10
       Phial of floods   |       |       |       |       |       |     1 ||     1
  Use: Scroll            |     1 |     2 |     9 |    12 |    17 |    18 ||    59
       Potion            |       |       |       |     9 |     8 |     8 ||    25
 Stab: Sleeping          |    12 |     1 |    14 |     8 |    14 |     3 ||    52
       Distracted        |       |     1 |     2 |     4 |    16 |    24 ||    47
       Confused          |       |       |       |     1 |       |       ||     1
       Paralysed         |       |       |       |       |       |     1 ||     1
Armor: Leather armour    |    33 |    23 |    21 |    13 |       |       ||    90
       Acid dragon scale |       |       |    18 |    86 |       |       ||   104
       Scale mail        |       |       |       |    40 |   196 |    78 ||   314
       Plate armour      |       |       |       |       |   265 |   346 ||   611
Dodge: Dodged            |    71 |    22 |    77 |   210 |   607 |   379 ||  1366
Block: Buckler           |       |       |       |     5 |   236 |   135 ||   376
       Kite shield       |       |       |       |       |       |   229 ||   229

Table legend: (Time is in decaauts)
 A = Elapsed time spent in this place.
 B = Non-inter-level travel time spent in this place.
 C = Inter-level travel time spent in this place.
 D = Time resting spent in this place.
 E = Time spent auto-exploring this place.
 F = Levels seen in this place.
 G = Mean time per level.
                   A        B        C        D        E       F      G
               +--------+--------+--------+--------+--------+-----+--------+
         Total |  42367 |  40381 |   1986 |   7993 |  16821 |  36 | 1176.9 |
       Dungeon |  20556 |  19786 |    770 |   4929 |   8239 |  15 | 1370.4 |
          Lair |   8264 |   7593 |    671 |    677 |   3861 |   6 | 1377.3 |
        Shoals |   4022 |   3854 |    168 |    218 |   1807 |   4 | 1005.5 |
     Snake Pit |   6347 |   6058 |    289 |   1709 |   1729 |   4 | 1586.8 |
    Slime Pits |     27 |     27 |      0 |      0 |      0 |   1 |   27.0 |
  Orcish Mines |   2369 |   2285 |     84 |    296 |   1184 |   2 | 1184.5 |
   Elven Halls |      1 |      1 |      0 |      0 |      0 |   1 |    1.0 |
        Vaults |     70 |     70 |      0 |      0 |      0 |   1 |   70.0 |
         Abyss |    708 |    708 |      0 |    164 |      0 |   2 |  354.0 |
               +--------+--------+--------+--------+--------+-----+--------+

Top non-repeatable levels by time:
 Snake:1: 2619 daAuts
    D:13: 2199 daAuts
     D:3: 2171 daAuts
    D:14: 1975 daAuts
  Lair:6: 1961 daAuts
   Orc:2: 1865 daAuts
  Lair:3: 1724 daAuts
    D:10: 1627 daAuts
    D:15: 1612 daAuts
     D:4: 1601 daAuts
    D:12: 1548 daAuts
 Snake:3: 1516 daAuts
  Lair:2: 1389 daAuts
    D:11: 1322 daAuts
  Lair:5: 1284 daAuts
